 Dungeon Crawl Stone Soup version 0.17-a0-1882-g750edc8 (webtiles) character file.

177 Gargoyl the Skirmisher (level 5, -11/42 HPs)
             Began as a Demonspawn Abyssal Knight on Sept 22, 2015.
             Was a Believer of Lugonu.
             Mangled by an ogre
             ... wielding a +0 giant club
              (25 damage)
             ... on level 4 of the Dungeon.
             The game lasted 00:07:20 (4039 turns).

Gargoyl the Skirmisher (Demonspawn Abyssal Knight)  Turns: 4039, Time: 00:07:21

Health: -11/42     AC:  5    Str: 14      XL:     5   Next: 30%
Magic:  0/7        EV: 11    Int: 10 (13) God:    Lugonu [**....]
Gold:   171        SH:  0    Dex: 12      Spells: 0 memorised, 4 levels left

rFire  . . .     SeeInvis .     a - +1 hand axe
rCold  . . .     Clarity  .     n - +0 ring mail
rNeg   . . .     SustAt   .     (no shield)
rPois  .         Gourm    .     q - +0 hat {Spirit}
rElec  .         Spirit   +     (no cloak)
rCorr  .         Warding  .     (no gloves)
rMut   .         Stasis   .     (no boots)
MR     .....                    (no amulet)
Stlth  +.........               (no ring)
                                (no ring)

@: not resistant to hostile enchantments, very unstealthy
A: antennae 2, claws 1
a: Depart the Abyss, Bend Space, Renounce Religion


You were on level 4 of the Dungeon.
You worshipped Lugonu.
Lugonu was pleased with you.
You were not hungry.

You visited 1 branch of the dungeon, and saw 4 of its levels.
You visited the Abyss 1 time.

You collected 171 gold pieces.

Inventory:

Hand weapons
 a - a +1 hand axe (weapon)
 e - a +0 mace
Missiles
 g - a tomahawk of returning (quivered)
Armour
 n - a +0 ring mail (worn)
 q - a +0 hat of spirit shield (worn)
Scrolls
 b - a scroll of identify {unknown}
 i - a scroll of remove curse
 l - a scroll of magic mapping
 m - 3 scrolls of enchant armour {unknown}
 o - a scroll of enchant weapon {unknown}
 r - 3 scrolls of immolation {unknown}
 s - a scroll of fear {unknown}
Potions
 d - a potion of resistance
Comestibles
 c - a meat ration


   Skills:
 + Level 3.7 Fighting
 + Level 2.5 Axes
 + Level 0.5 Throwing
 + Level 3.4 Armour
 + Level 2.0 Dodging
 + Level 3.0 Invocations


You had 4 spell levels left.
You didn't know any spells.

Dungeon Overview and Level Annotations

Branches:
Dungeon (4/15)
 Temple: D:4-7

Altars:
Ru
Trog

Annotations:
D:3 kenny521's ghost, average HOFi


Innate Abilities, Weirdness & Mutations

You have a pair of antennae on your head.
You have sharp fingernails.


Message History

The ogre is moderately wounded.
The ogre hits you with a giant club!!
Ouch! That really hurt!
You hit the ogre.
The ogre is moderately wounded.
The ogre barely misses you.
You hit the ogre.
The ogre is heavily wounded.
The ogre barely misses you.
You hit the ogre.
The ogre is heavily wounded.
The ogre barely misses you.
You hit the ogre.
The ogre is heavily wounded.
The ogre misses you.
You hit the ogre.
The ogre is heavily wounded.
The ogre hits you with a giant club!!
Ouch! That really hurt!
You die...

#..PP..##.......##
##..##.##.PP...####.......
...#...........# ###..#.>
#.(...........# ####..
.#.............### #..
.................# #..
.................# #..
........#........# ##.
((.)(.$.O@.......#########
###.....#...........##....
#.....#........##.......
##...##........####...).
#### ########## ##....
#.... #.... #.... #....


You could see an ogre.

Vanquished Creatures
  A hound (D:4)
  An orc priest (D:3)
  6 adders
  2 adder zombies (D:4)
  A worm (D:2)
  8 orcs
  A ball python (D:1)
  3 goblins
  5 hobgoblins
  2 quokkas
  3 bats
  2 giant cockroaches
  2 giant newts
  A jackal (D:3)
  3 kobolds
  6 rats
47 creatures vanquished.

Notes
Turn   | Place    | Note
--------------------------------------------------------------
     0 | Abyss:1  | Gargoyl the Demonspawn Abyssal Knight began the quest for the Orb.
     0 | Abyss:1  | Reached XP level 1. HP: 18/18 MP: 2/2
    11 | Abyss:1  | Found a corrupted altar of Lugonu.
    26 | Abyss:1  | Found a basalt altar of Yredelemnul.
    41 | Abyss:1  | Noticed a soul eater
    42 | D:1      | Escaped the Abyss
   178 | D:1      | Acquired Lugonu's first power
   777 | D:1      | Reached skill level 1 in Dodging
   865 | D:2      | Gained mutation: You have a pair of small antennae on your head. [demonic ancestry]
   865 | D:2      | Reached XP level 2. HP: 21/24 MP: 3/3
  1145 | D:2      | Reached XP level 3. HP: 29/29 MP: 5/5
  1750 | D:2      | Found a bloodstained altar of Trog.
  1910 | D:3      | Gained mutation: You have a pair of antennae on your head. [demonic ancestry]
  1910 | D:3      | Reached XP level 4. HP: 4/35 MP: 2/6
  2452 | D:3      | Found a sacrificial altar of Ru.
  2795 | D:3      | Noticed kenny521's ghost (average HOFi)
  3078 | D:3      | HP: 1/36 [kenny521's ghost (2)]
  3136 | D:4      | HP: 1/36 [adder zombie (2)]
  3395 | D:4      | Gained mutation: You have sharp fingernails. [demonic ancestry]
  3395 | D:4      | Reached XP level 5. HP: 7/42 MP: 2/7
  4015 | D:4      | Noticed an ogre
  4024 | D:4      | Acquired Lugonu's second power
  4039 | D:4      | Mangled by an ogre

Vault maps used:
D:1:      saegor_arrival_simple_c, hex_medium
D:2:      trog_book
D:3:      lemuel_round_altar, minmay_close_crescents
D:4:      serial_shops, shop, gup_sewer_entry_bubbles, serial_undead,
          serial_undead_b, serial_undead_b, serial_undead_f, serial_undead_b,
          serial_undead_c
Abyss:1:  hangedman_relentless_pull

Action                   |  1- 3 |  4- 6 || total
-------------------------+-------+-------++-------
Melee: Hand axe          |    96 |   169 ||   265
Throw: Tomahawk          |     9 |    10 ||    19
Invok: Depart the Abyss  |     1 |       ||     1
  Use: Potion            |    10 |     1 ||    11
       Scroll            |       |     2 ||     2
  Eat: Bread ration      |     1 |       ||     1
       Meat ration       |       |     1 ||     1
       Chunk             |       |     1 ||     1
